 Dungeon Crawl Stone Soup version 0.27.1-34-g3ba077fa99 (webtiles) character file.

Game seed: 11376308065535408309

180 safid the Chopper (level 5, -1/46 HPs)
             Began as a Hill Orc Fighter on Feb 4, 2022.
             Succumbed to a kobold brigand's curare-tipped dart
             ... on level 4 of the Dungeon.
             The game lasted 00:05:09 (2656 turns).

safid the Chopper (Hill Orc Fighter)                Turns: 2656, Time: 00:05:10

Health: -1/46      AC: 11    Str: 20    XL:     5   Next: 60%
Magic:  5/5        EV:  7    Int:  8    God:
Gold:   101        SH:  9    Dex: 10    Spells: 4/4 levels left

rFire    . . .     SeeInvis .   a - +0 war axe
rCold    . . .     Faith    .   c - +0 kite shield
rNeg     . . .     Spirit   .   b - +0 scale mail
rPois    .         Reflect  .   (no helmet)
rElec    .         Harm     .   (no cloak)
rCorr    .         Rampage  .   (no gloves)
Will     .....                  (no boots)
Stlth    ..........             (no amulet)
HPRegen  0.15/turn              e - +4 ring of protection
MPRegen  0.09/turn              (no ring)

@: brilliant, lethally poisoned (-1 -> -14), slowed, very slow
A: no striking features
a: no special abilities


You were on level 4 of the Dungeon.
You visited 1 branch of the dungeon, and saw 4 of its levels.

You collected 101 gold pieces.

Inventory:

Hand Weapons
 a - a +0 war axe (weapon)
Missiles
 d - 5 curare-tipped darts (quivered)
Armour
 b - a +0 scale mail (worn)
 c - a +0 kite shield (worn)
Jewellery
 e - a +4 ring of protection (left hand)
 p - an amulet of faith
Scrolls
 f - 3 scrolls of identify {unknown}
 j - a scroll of silence {unknown}
 k - a scroll of enchant armour {unknown}
 n - a scroll of brand weapon {unknown}
 q - a scroll of amnesia {unknown}
 r - a scroll of vulnerability {unknown}
Potions
 g - 2 potions of heal wounds {unknown}
 h - a potion of attraction {unknown}
 i - 2 potions of flight {unknown}
 l - 2 potions of brilliance
 m - a potion of degeneration {unknown}
 o - a potion of curing {unknown}


   Skills:
 - Level 4.0 Fighting
 + Level 5.1 Axes
 - Level 4.0 Armour
 + Level 4.9 Shields


You had 4 spell levels left.
You didn't know any spells.
Your spell library contained the following spells:

 Spells                   Type           Power      Damage    Failure   Level
 Summon Small Mammal      Summ           0%         N/A       99%         1
 Call Canine Familiar     Summ           0%         N/A       100%        3
 Summon Guardian Golem    Hex/Summ       0%         N/A       100%        3


Dungeon Overview and Level Annotations

Branches:
Dungeon (4/15)
 Temple: D:4-7

Altars:
Makhleb


Message History

The kobold brigand barely misses you. You block the kobold brigand's attack.
You are too injured to fight recklessly!
You are too injured to fight recklessly!
You are too injured to fight recklessly!
You are too injured to fight recklessly!
You are too injured to fight recklessly!
You are too injured to fight recklessly!
You are too injured to fight recklessly!
You feel sick.
You feel sick.
You are no longer poisoned.
The kobold brigand hits you with a +0 club.
The kobold brigand completely misses you.
There is a stone staircase leading up, spattered with blood here.
Your scale mail prevents you from hitting the kobold brigand.
The kobold brigand is lightly wounded.
You feel yourself speed up.
The kobold brigand hits you but does no damage.
You block the kobold brigand's attack.
Unknown command.
Throw: 6 darts (curare)
Press: ? - help, Q - select action Shift-Dir - straight line, f - kobold brigand
Aim: a kobold brigand, wielding a +0 club, wearing a +0 ring mail and quivering curare-tipped darts (53% to hit)
You throw a curare-tipped dart.
The curare-tipped dart hits the kobold brigand.
The kobold brigand is poisoned.
The kobold brigand convulses.
The kobold brigand seems to slow down.
The kobold brigand is moderately wounded.
The kobold brigand hits you with a +0 club.
* * * LOW HITPOINT WARNING * * *
You see here a staff of air.
The kobold brigand throws a curare-tipped dart.
The curare-tipped dart hits you.
You are lethally poisoned!
You have difficulty breathing.
* * * LOW HITPOINT WARNING * * *
You feel yourself slow down.
It was a potion of brilliance.
You feel clever all of a sudden.
You die...

.. #.## ##.......
. #..###...##...
##............
#.)(.........
.......#<.....#..#
...##..#K).......#
. #..#..###....#
...#|.#.######
###.#@.#......
#.#....#
#.##.#######
#.........<#
####.####### #.#
#.# #.. ###


You could see a kobold brigand (very poisoned, slow).

Vanquished Creatures
  A kobold brigand (D:4)
  A gnoll (D:1)
  3 adders
  An adder skeleton (D:4)
  2 worms (D:3)
  2 dart slugs (D:1)
  An orc (D:3)
  6 endoplasms
  3 giant cockroaches
  4 goblins
  7 hobgoblins
  A quokka (D:3)
  6 ball pythons
  5 bats
  A frilled lizard (D:3)
  13 kobolds
  4 rats
61 creatures vanquished.

Notes
Turn   | Place    | Note
-------+----------+-------------------------------------------
     0 | D:1      | safid the Hill Orc Fighter began the quest for the Orb.
     0 | D:1      | Reached XP level 1. HP: 19/19 MP: 1/1
    97 | D:1      | Reached XP level 2. HP: 23/27 MP: 2/2
   154 | D:1      | Reached skill level 3 in Axes
   335 | D:1      | Reached XP level 3. HP: 17/33 MP: 3/3
   672 | D:1      | Found a faded altar of an unknown god.
   672 | D:1      | Noticed a reaper
  1028 | D:2      | Reached XP level 4. HP: 40/40 MP: 4/4
  1439 | D:3      | Reached skill level 4 in Axes
  2030 | D:3      | Found a burning altar of Makhleb.
  2183 | D:4      | Noticed a kobold brigand
  2439 | D:4      | Killed a kobold brigand
  2440 | D:4      | Reached skill level 5 in Axes
  2440 | D:4      | Reached XP level 5. HP: 9/46 MP: 5/5
  2640 | D:4      | Noticed a kobold brigand
  2656 | D:4      | Succumbed to a kobold brigand's curare-tipped dart

Illustrated notes

Levels and vault maps discovered:
D:1:      minmay_arrival_hallway, layout_basic,
          dreamdust_ecumenical_altar_sealed_demon,
          chequers_serial_rivers_small_b
D:2:      layout_rooms
D:3:      layout_loops_ring, lightli_temple_of_fire
D:4:      cheibrodos_thug_alley, layout_basic, minmay_checkerbox

Skill      XL: |  1  2  3  4 |
---------------+-------------+-----
Axes           | 3 5 |  5.1
Fighting       | 4 |  4.0
Armour         | 4 |  4.0
Shields        | 4 |  4.9

Action                   |  1- 3 |  4- 6 || total
-------------------------+-------+-------++-------
Melee: War axe           |    95 |   110 ||   205
Throw: Dart              |       |     1 ||     1
  Use: Potion            |       |     2 ||     2
Armor: Scale mail        |    61 |    56 ||   117
Dodge: Dodged            |    35 |    39 ||    74
Block: Kite shield       |    52 |    73 ||   125
